TOP OF THE 1ST |
Hamilton Coyotes batting - Pitching for Vermont Lake Monsters : RHP Jonathan Jones
|
Pitching: RHP Jonathan Jones
|
|
Batting: SHB Aristotle Auer
|
0-0: Foul Ball, location: 2F 0-1: Ground out 4-3 (Groundball, 4, EV 110.0 MPH)
|
Batting: RHB Michael Collier
|
0-0: Ball 1-0: Called Strike 1-1: Ball 2-1: Called Strike 2-2: Foul Ball, location: 2F 2-2: Foul Ball, location: 2F 2-2: Ball 3-2: Ground out 5-3 (Groundball, 5, EV 104.4 MPH)
|
Batting: SHB Alex Warner
|
0-0: Ball 1-0: Ball 2-0: Fly out, F8 (Flyball, 8LD, EV 88.8 MPH)
|
Top of the 1st over - 0 runs, 0 hits, 0 errors, 0 left on base; Hamilton 0 - Vermont 0 |
BOTTOM OF THE 1ST |
Vermont Lake Monsters batting - Pitching for Hamilton Coyotes : LHP Gerald Emerson
|
Pitching: LHP Gerald Emerson
|
|
Batting: RHB Wally Hill
|
0-0: Ball 1-0: Ball 2-0: Ball 3-0: Called Strike 3-1: Foul Ball, location: 2F 3-2: Strikes out swinging
|
Batting: RHB Meshach Ashpenaz
|
0-0: SINGLE (Flyball, 8RS, EV 90.6 MPH)
|
Batting: SHB Enrique Martínez
|
0-0: Fielders Choice at 2nd, 4-6 (Groundball, 4M, EV 81.9 MPH)
|
Batting: RHB Dragoljub Kandic
|
0-0: Swinging Strike 0-1: Foul Ball, location: 2F 0-2: Ball 1-2: Ground out 1-3 (Groundball, 34S, EV 87.5 MPH)
|
Bottom of the 1st over - 0 runs, 1 hit, 0 errors, 1 left on base; Hamilton 0 - Vermont 0 |
TOP OF THE 2ND |
Hamilton Coyotes batting - Pitching for Vermont Lake Monsters : RHP Jonathan Jones
|
Batting: SHB Marcos Román
|
0-0: Called Strike 0-1: Fly out, F8 (Line Drive, 8LD, EV 96.9 MPH)
|
Batting: LHB Jason Powell
|
0-0: Ball 1-0: Called Strike 1-1: Ball 2-1: Foul Ball, location: 2F 2-2: Fly out, F7 (Flyball, 7S, EV 75.0 MPH)
|
Batting: RHB Gary Goodwin
|
0-0: Ball 1-0: Foul Ball, location: 2F 1-1: Ball 2-1: Ground out 6-3 (Groundball, 6, EV 84.4 MPH)
|
Top of the 2nd over - 0 runs, 0 hits, 0 errors, 0 left on base; Hamilton 0 - Vermont 0 |
BOTTOM OF THE 2ND |
Vermont Lake Monsters batting - Pitching for Hamilton Coyotes : LHP Gerald Emerson
|
Batting: SHB Senthamilselvi Manohoran
|
0-0: Ball 1-0: Foul Ball, location: 2F 1-1: Ball 2-1: Ball 3-1: Base on Balls
|
Batting: LHB Todd Strachota
|
0-0: Called Strike 0-1: SINGLE (Line Drive, 9S, EV 105.6 MPH) Senthamilselvi Manohoran to second
|
Batting: RHB Sincere Wushon David
|
0-0: Ball 1-0: Called Strike 1-1: Reached on error, E5 (Groundball, 56S, EV 83.8 MPH) Senthamilselvi Manohoran to third Todd Strachota to second
|
Batting: RHB Mark Kirk
|
0-0: Fly out, F8 (Flyball, 78M, EV 87.5 MPH)
|
Batting: SHB Junya Furuya
|
0-0: Ball 1-0: Called Strike 1-1: Fly out, F7 (Flyball, 78M, EV 88.8 MPH) Runner from 3rd tags up, SCORES, throw by LF Todd Strachota to third
|
Batting: RHB Wally Hill
|
0-0: Foul Ball, location: 2F 0-1: Fielders Choice at 2nd, 5-4 (Groundball, 5L, EV 104.4 MPH)
|
Bottom of the 2nd over - 1 run, 1 hit, 1 error, 2 left on base; Hamilton 0 - Vermont 1 |
TOP OF THE 3RD |
Hamilton Coyotes batting - Pitching for Vermont Lake Monsters : RHP Jonathan Jones
|
Batting: RHB Cary Collins
|
0-0: Foul Ball, location: 2F 0-1: Swinging Strike 0-2: Ball 1-2: Ball 2-2: Ball 3-2: Ground out 3-1 (Groundball, 34, EV 85.0 MPH)
|
Batting: RHB Kazunari Mizuno
|
0-0: Ball 1-0: Ball 2-0: Swinging Strike 2-1: Foul Ball, location: 2F 2-2: Ball 3-2: Strikes out swinging
|
Batting: SHB Júlio Moreno
|
0-0: Called Strike 0-1: Swinging Strike 0-2: Ball 1-2: Strikes out swinging
|
Top of the 3rd over - 0 runs, 0 hits, 0 errors, 0 left on base; Hamilton 0 - Vermont 1 |
BOTTOM OF THE 3RD |
Vermont Lake Monsters batting - Pitching for Hamilton Coyotes : LHP Gerald Emerson
|
Batting: RHB Meshach Ashpenaz
|
0-0: Foul Ball, location: 2F 0-1: Ball 1-1: Ball 2-1: Foul Ball, location: 2F 2-2: Fly out, F9 (Flyball, 89M, EV 83.1 MPH)
|
Batting: SHB Enrique Martínez
|
0-0: Ball 1-0: Ground out 5-3 (Groundball, 6S, EV 83.8 MPH)
|
Batting: RHB Dragoljub Kandic
|
0-0: Called Strike 0-1: Foul Ball, location: 2F 0-2: Ball 1-2: Strikes out swinging
|
Bottom of the 3rd over - 0 runs, 0 hits, 0 errors, 0 left on base; Hamilton 0 - Vermont 1 |
TOP OF THE 4TH |
Hamilton Coyotes batting - Pitching for Vermont Lake Monsters : RHP Jonathan Jones
|
Batting: SHB Aristotle Auer
|
0-0: Called Strike 0-1: Ball 1-1: Foul Ball, location: 2F 1-2: Ball 2-2: SINGLE (Popup, 4D, EV 75.0 MPH)
|
Batting: RHB Michael Collier
|
0-0: Ball 1-0: Foul Ball, location: 2F 1-1: Foul Ball, location: 2F 1-2: Ball 2-2: Fielders Choice at 2nd, 6-4 (Groundball, 6, EV 100.6 MPH)
|
Batting: SHB Alex Warner
|
0-0: Ball 1-0: Ball 2-0: Fielders Choice at 2nd, 4-6 (Groundball, 4, EV 111.2 MPH)
|
Batting: SHB Marcos Román
|
0-0: Ball 1-0: Ball 2-0: Called Strike 2-1: Swinging Strike 2-2: Ball 3-2: Foul Ball, location: 2F 3-2: SINGLE (Flyball, 78M, EV 90.6 MPH) Alex Warner to second Alex Warner to third
|
Batting: LHB Jason Powell
|
0-0: Ground out 1-3 (Groundball, 34S, EV 85.0 MPH)
|
Top of the 4th over - 0 runs, 2 hits, 0 errors, 2 left on base; Hamilton 0 - Vermont 1 |
BOTTOM OF THE 4TH |
Vermont Lake Monsters batting - Pitching for Hamilton Coyotes : LHP Gerald Emerson
|
Batting: SHB Senthamilselvi Manohoran
|
0-0: Ball 1-0: Ball 2-0: Ball 3-0: Called Strike 3-1: Base on Balls
|
Batting: LHB Todd Strachota
|
0-0: Foul Ball, location: 2F 0-1: Ball 1-1: Ball 2-1: Fielders Choice at 2nd, 4-6 (Groundball, 34, EV 105.6 MPH)
|
Batting: RHB Sincere Wushon David
|
0-0: Ball 1-0: Foul Ball, location: 2F 1-1: Called Strike 1-2: Ball 2-2: Strikes out swinging
|
Batting: RHB Mark Kirk
|
0-0: Ball 1-0: Fly out, F4 (Flyball, 34D, EV 86.9 MPH)
|
Bottom of the 4th over - 0 runs, 0 hits, 0 errors, 1 left on base; Hamilton 0 - Vermont 1 |
TOP OF THE 5TH |
Hamilton Coyotes batting - Pitching for Vermont Lake Monsters : RHP Jonathan Jones
|
Batting: RHB Gary Goodwin
|
0-0: Ball 1-0: Called Strike 1-1: Foul Ball, location: 2F 1-2: Ball 2-2: Foul Ball, location: 2F 2-2: Ground out 5-3 (Groundball, 56, EV 89.4 MPH)
|
Batting: RHB Cary Collins
|
0-0: Ball 1-0: Ground out 5-3 (Groundball, 5, EV 80.6 MPH)
|
Batting: RHB Kazunari Mizuno
|
0-0: Ball 1-0: Ball 2-0: Ball 3-0: Called Strike 3-1: Base on Balls
|
Batting: SHB Júlio Moreno
|
0-0: Ball 1-0: Fielders Choice at 2nd, U6 (Groundball, 6M, EV 105.6 MPH)
|
Top of the 5th over - 0 runs, 0 hits, 0 errors, 1 left on base; Hamilton 0 - Vermont 1 |
BOTTOM OF THE 5TH |
Vermont Lake Monsters batting - Pitching for Hamilton Coyotes : LHP Gerald Emerson
|
Batting: SHB Junya Furuya
|
0-0: Ground out 4-3 (Groundball, 4, EV 85.6 MPH)
|
Batting: RHB Wally Hill
|
0-0: Swinging Strike 0-1: Swinging Strike 0-2: Foul Ball, location: 2F 0-2: Ball 1-2: Strikes out swinging
|
Batting: RHB Meshach Ashpenaz
|
0-0: Called Strike 0-1: Ball 1-1: Ball 2-1: Called Strike 2-2: Ball 3-2: DOUBLE (Flyball, 89D, EV 90.0 MPH)
|
Batting: SHB Enrique Martínez
|
0-0: Hit by Pitch
|
Batting: RHB Dragoljub Kandic
|
0-0: Ball 1-0: Fly out, F6 (Flyball, 56D, EV 70.6 MPH)
|
Bottom of the 5th over - 0 runs, 1 hit, 0 errors, 2 left on base; Hamilton 0 - Vermont 1 |
TOP OF THE 6TH |
Hamilton Coyotes batting - Pitching for Vermont Lake Monsters : RHP Jonathan Jones
|
Batting: SHB Aristotle Auer
|
0-0: Called Strike 0-1: Fly out, F8 (Flyball, 78D, EV 102.5 MPH)
|
Batting: RHB Michael Collier
|
0-0: Called Strike 0-1: Ground out 5-3 (Groundball, 56, EV 92.5 MPH)
|
Batting: SHB Alex Warner
|
0-0: Foul Ball, location: 2F 0-1: Ball 1-1: Foul Ball, location: 2F 1-2: Hit by Pitch
|
Batting: SHB Marcos Román
|
0-0: Foul Ball, location: 2F 0-1: Ball 1-1: Ball 2-1: Ground out U3 (Groundball, 3L, EV 107.5 MPH)
|
Top of the 6th over - 0 runs, 0 hits, 0 errors, 1 left on base; Hamilton 0 - Vermont 1 |
BOTTOM OF THE 6TH |
Vermont Lake Monsters batting - Pitching for Hamilton Coyotes : LHP Gerald Emerson
|
Batting: SHB Senthamilselvi Manohoran
|
0-0: Called Strike 0-1: Ball 1-1: Called Strike 1-2: Strikes out swinging
|
Batting: LHB Todd Strachota
|
0-0: Called Strike 0-1: SINGLE (Flyball, 8LS, EV 90.0 MPH)
|
Batting: RHB Sincere Wushon David
|
0-0: Called Strike 0-1: Swinging Strike 0-2: Ball 1-2: Ball 2-2: Ball 3-2: Foul Ball, location: 2F 3-2: Base on Balls Todd Strachota to second
|
Batting: RHB Mark Kirk
|
0-0: Foul Ball, location: 2F 0-1: Ball 1-1: Swinging Strike 1-2: Ball 2-2: Foul Ball, location: 2F 2-2: Foul Ball, location: 2F 2-2: Strikes out swinging
|
Batting: SHB Junya Furuya
|
0-0: Ball 1-0: Foul Ball, location: 2F 1-1: Foul Ball, location: 2F 1-2: Fly out, F7 (Flyball, 7, EV 76.2 MPH)
|
Bottom of the 6th over - 0 runs, 1 hit, 0 errors, 2 left on base; Hamilton 0 - Vermont 1 |
TOP OF THE 7TH |
Hamilton Coyotes batting - Pitching for Vermont Lake Monsters : RHP Jonathan Jones
|
Batting: LHB Jason Powell
|
0-0: Foul Ball, location: 2F 0-1: Foul Ball, location: 2F 0-2: Strikes out swinging
|
Batting: RHB Gary Goodwin
|
0-0: Swinging Strike 0-1: Ball 1-1: Called Strike 1-2: Foul Ball, location: 2F 1-2: DOUBLE (Groundball, 5L, EV 102.5 MPH)
|
Pitching: RHP Mike Dean
|
|
Batting: RHB Cary Collins
|
0-0: Ball 1-0: Ball 2-0: Called Strike 2-1: Foul Ball, location: 2F 2-2: Foul Ball, location: 2F 2-2: Strikes out swinging
|
Batting: RHB Kazunari Mizuno
|
0-0: Ball 1-0: Called Strike 1-1: SINGLE (Groundball, 3L, EV 96.2 MPH) Gary Goodwin to third Runner from 3rd tries for Home, SAFE, throw by RF to home Kazunari Mizuno to second
|
Batting: SHB Júlio Moreno
|
0-0: Foul Ball, location: 2F 0-1: Ground out 5-3 (Groundball, 56, EV 101.2 MPH)
|
Top of the 7th over - 1 run, 2 hits, 0 errors, 1 left on base; Hamilton 1 - Vermont 1 |
BOTTOM OF THE 7TH |
Vermont Lake Monsters batting - Pitching for Hamilton Coyotes : LHP Gerald Emerson
|
Batting: RHB Wally Hill
|
0-0: Called Strike 0-1: Called Strike 0-2: Ball 1-2: Foul Ball, location: 2F 1-2: Ball 2-2: DOUBLE (Line Drive, 9LS, EV 108.8 MPH)
|
Pitching: RHP Erick Indiano
|
|
Batting: RHB Meshach Ashpenaz
|
0-0: Ball 1-0: Called Strike 1-1: Fly out, F9 (Flyball, 89M, EV 91.2 MPH)
|
Batting: SHB Enrique Martínez
|
0-0: Ball 1-0: Foul Ball, location: 2F 1-1: Foul Ball, location: 2F 1-2: Foul Ball, location: 2F 1-2: Ball 2-2: Ball 3-2: Foul Ball, location: 2F 3-2: Reached on error, E5 (Groundball, 56, EV 81.9 MPH) Wally Hill to third
|
Batting: RHB Dragoljub Kandic
|
0-0: Swinging Strike 0-1: Ball 1-1: Foul Ball, location: 2F 1-2: Strikes out swinging
|
Batting: SHB Senthamilselvi Manohoran
|
0-0: Foul Ball, location: 2F 0-1: Ball 1-1: Swinging Strike 1-2: Fly out, F7 (Flyball, 7, EV 96.9 MPH)
|
Bottom of the 7th over - 0 runs, 1 hit, 1 error, 2 left on base; Hamilton 1 - Vermont 1 |
TOP OF THE 8TH |
Hamilton Coyotes batting - Pitching for Vermont Lake Monsters : RHP Mike Dean
|
Batting: SHB Aristotle Auer
|
0-0: Swinging Strike 0-1: Fly out, F6 (Line Drive, 6, EV 68.8 MPH)
|
Batting: RHB Michael Collier
|
0-0: Called Strike 0-1: Swinging Strike 0-2: Strikes out swinging
|
Batting: SHB Alex Warner
|
0-0: Called Strike 0-1: Ball 1-1: Ground out 1-3 (Groundball, 13, EV 88.1 MPH)
|
Top of the 8th over - 0 runs, 0 hits, 0 errors, 0 left on base; Hamilton 1 - Vermont 1 |
BOTTOM OF THE 8TH |
Vermont Lake Monsters batting - Pitching for Hamilton Coyotes : RHP Erick Indiano
|
Batting: LHB Todd Strachota
|
0-0: Foul Ball, location: 2F 0-1: Foul Ball, location: 2F 0-2: Ball 1-2: Ball 2-2: Foul Ball, location: 2F 2-2: Ball 3-2: Foul Ball, location: 2F 3-2: Base on Balls
|
Batting: RHB Sincere Wushon David
|
0-0: Ball 1-0: Foul Ball, location: 2F 1-1: Ball 2-1: DOUBLE (Flyball, 8LXD, EV 109.4 MPH) Todd Strachota to third
|
Batting: RHB Mark Kirk
|
0-0: Intentional Walk
|
Batting: SHB Junya Furuya
|
0-0: Ball 1-0: Called Strike 1-1: Swinging Strike 1-2: Strikes out swinging
|
Pitching: RHP Hansky Paillant
|
|
Batting: RHB Wally Hill
|
0-0: SINGLE (Groundball, 6M, EV 98.1 MPH) Todd Strachota scores Sincere Wushon David to third Mark Kirk to second
|
Batting: RHB Meshach Ashpenaz
|
0-0: Called Strike 0-1: Fly out, F7 (Flyball, 7LM, EV 98.8 MPH) Runner from 3rd tags up, SCORES, throw by LF
|
Batting: SHB Enrique Martínez
|
0-0: Called Strike 0-1: Ball 1-1: Ball 2-1: Foul Ball, location: 2F 2-2: Strikes out swinging
|
Bottom of the 8th over - 2 runs, 2 hits, 0 errors, 2 left on base; Hamilton 1 - Vermont 3 |
TOP OF THE 9TH |
Hamilton Coyotes batting - Pitching for Vermont Lake Monsters : RHP Mike Dean
|
Batting: SHB Marcos Román
|
0-0: Ball 1-0: Ball 2-0: Ground out 1-3 (Groundball, P, EV 79.4 MPH)
|
Batting: LHB Jason Powell
|
0-0: Fly out, F7 (Flyball, 7LS, EV 72.5 MPH)
|
Batting: RHB Gary Goodwin
|
0-0: Ball 1-0: Fly out, F9 (Flyball, 9LM, EV 85.0 MPH)
|
Top of the 9th over - 0 runs, 0 hits, 0 errors, 0 left on base; Hamilton 1 - Vermont 3 |
|